 Dungeon Crawl Stone Soup version 0.21.1-1-g345015f (webtiles) character file.

7916 prawnwizard the Cleaver (level 11, -3/147 (148) HPs)
             Began as a Minotaur Berserker on July 14, 2018.
             Was a High Priest of Trog.
             Slain by a two-headed ogre
             ... wielding a +0 giant spiked club
              (12 damage)
             ... on level 10 of the Dungeon.
             The game lasted 00:11:23 (9091 turns).

prawnwizard the Cleaver (Minotaur Berserker)        Turns: 9091, Time: 00:11:23

HP:   -3/147 (148)  AC: 14    Str: 32    XL:     11   Next: 3%
MP:   10/10         EV: 13    Int:  4    God:    Trog [*****.]
Gold: 467           SH:  0    Dex: 10    Spells: 10/10 levels left

rFire    x . .     SeeInvis .   J - +1 battleaxe
rCold    + . .     Gourm    .   (shield currently unavailable)
rNeg     . . .     Faith    .   h - +0 chain mail
rPois    +         Spirit   .   (helmet restricted)
rElec    .         Reflect  .   (no cloak)
rCorr    .         Harm     +   l - +0 pair of gloves
MR       .....                  H - +0 pair of boots of Least Resistance {+Inv rPois rF- Slay+4}
Stlth    ..........             p - amulet of harm
HPRegen  0.34/turn              f - +2 ring of strength
MPRegen  0.12/turn              a - ring of protection from cold

@: berserking, very quick
A: retaliatory headbutt, horns 2
a: Berserk, Trog's Hand, Brothers in Arms, Burn Spellbooks, Renounce Religion,
Evoke Invisibility


You were on level 10 of the Dungeon.
You worshipped Trog.
Trog was extremely pleased with you.
You were hungry.

You visited 1 branch of the dungeon, and saw 10 of its levels.
You also visited: Bailey.

You collected 647 gold pieces.
You spent 180 gold pieces at shops.

Inventory:

Hand Weapons
 J - a +1 battleaxe (weapon)
Armour
 h - a +0 chain mail (worn)
 l - a +0 pair of gloves (worn)
 H - the +0 pair of boots of Least Resistance (worn) {+Inv rPois rF- Slay+4}
   (You bought it in a shop on level 10 of the Dungeon)

   It affects your accuracy and damage with ranged weapons and melee attacks
   (+4).
   It makes you vulnerable to fire.
   It protects you from poison.
   It lets you turn invisible.
Jewellery
 a - a ring of protection from cold (right hand)
 f - a +2 ring of strength (left hand)
 j - a +4 ring of intelligence {unknown}
 p - an amulet of harm (around neck)
Wands
 r - a wand of disintegration (13)
 y - a wand of random effects (30)
 B - a wand of iceblast (20)
Scrolls
 g - 2 scrolls of fog
 i - a scroll of acquirement
 k - 2 scrolls of enchant armour {unknown}
 m - a scroll of noise {unknown}
 n - a scroll of teleportation
 o - 2 scrolls of remove curse
 q - a scroll of magic mapping
Potions
 b - 3 potions of mutation
 d - 3 potions of curing {unknown}
 e - a potion of berserk rage
 s - 3 potions of haste
 t - a potion of might {unknown}
 u - 6 potions of lignification
 v - a potion of brilliance {unknown}
 w - a potion of agility {unknown}
 x - a potion of invisibility
 z - a potion of cancellation
 A - a potion of flight {unknown}
 C - a potion of resistance {unknown}
 E - a potion of degeneration {unknown}
 F - 4 potions of heal wounds {unknown}
Books
 D - a book of Battle

   Spells                             Type                      Level
   a - Infusion                       Charms                       1
   b - Shroud of Golubria             Charms/Translocation         2
   c - Song of Slaying                Charms                       2
   d - Spectral Weapon                Hexes/Charms                 3
   e - Regeneration                   Charms/Necromancy            3
   Trog disapproves of the use of such an item.
Comestibles
 c - 20 rations
 G - 10 chunks of flesh


   Skills:
 + Level 9.9 Fighting
 * Level 12.9 Axes
 + Level 9.4 Armour
 + Level 8.7 Dodging


You had 10 spell levels left.
You didn't know any spells.

Dungeon Overview and Level Annotations

Branches:
Dungeon (10/15)            Temple (0/1) D:4            Lair (0/6) D:10
    Orc: D:9-12

Altars:
Cheibriados
Dithmenos
Kikubaaqudgha
Makhleb
Nemelex Xobeh
Qazlal
Ru
Sif Muna
Uskayaw
Vehumet
Beogh

Shops:
D:10 [[}[


Innate Abilities, Weirdness & Mutations

You reflexively headbutt those who attack you in melee.
You have a pair of horns on your head.


Message History

The two-headed ogre is severely wounded.
You closely miss the electric eel.
The electric eel shoots out a bolt of lightning at you!
The bolt of electricity hits you! x2
The two-headed ogre hits you with a giant spiked club!
* * * LOW HITPOINT WARNING * * *
The two-headed ogre hits you with a giant spiked club!
* * * LOW HITPOINT WARNING * * *
You are too injured to fight recklessly!
Unknown command.
You are too injured to fight recklessly!
A red film seems to cover your vision as you go berserk!
You feel yourself moving faster!
You feel mighty!
You are feeling hungry.
The electric eel shoots out a bolt of lightning at you!
The bolt of electricity hits you!
* * * LOW HITPOINT WARNING * * *
The bolt of electricity misses you.
The two-headed ogre hits you with a giant spiked club!
You die...

.≈≈≈≈≈≈≈≈....#
..≈≈≈≈..>..............#
≈≈≈.≈≈≈...≈≈≈≈≈≈≈≈≈....#
...≈≈≈..≈...≈≈≈≈.......#
...≈≈≈≈≈.?≈≈≈≈≈≈≈≈≈....#
...≈≈≈≈≈≈≈≈≈≈≈≈≈≈≈.....#
...≈..≈≈≈.≈≈..≈≈≈......#
..≈≈..;.≈≈.............#
......O@.≈.............#
.#.....#..#######..##..#
#.....#..'.....#..#....
#∩....#..#.....#..####.
#.....#..#.....'.....+.
#...###################
#... #. #... ##


You could see a two-headed ogre and an electric eel.

Vanquished Creatures
  A two-headed ogre (D:9)
  An orc high priest (Bailey)
  2 unseen horrors (D:10)
  2 orc knights (Bailey)
  A kobold demonologist (Bailey)
  2 trolls (D:10)
  The ghost of bande the Skirmisher, an amateur GrFi (D:3)
  Menkaure (D:7)
  9 orc warriors
  3 ice beasts
  3 phantoms
  A necrophage (D:7)
  3 ogres
  5 centaurs
  A big kobold (D:7)
  A bullfrog (D:6)
  A water moccasin skeleton (D:4)
  4 wights (D:9)
  2 howler monkeys (D:8)
  3 electric eels
  A crimson imp (D:9)
  7 hounds
  A jelly (D:6)
  A bullfrog skeleton (D:8)
  4 orc priests
  4 orc wizards
  A centaur skeleton (D:3)
  2 iguanas (D:5)
  6 worker ants
  18 gnolls
  4 river rats (D:6)
  10 adders
  2 oozes
  An adder skeleton (D:4)
  5 worms
  2 dart slugs (D:1)
  3 leopard geckos
  25 orcs
  2 giant cockroaches
  14 goblins
  12 hobgoblins
  7 jackals
  13 kobolds
  5 quokkas
  2 ball pythons
  8 bats
  8 frilled lizards
  A leopard gecko skeleton (D:7)
  A quokka zombie (D:5)
  3 rats
  2 plants (D:6)
222 creatures vanquished.

Vanquished Creatures (others)
  A bat (D:1)
  4 plants (D:6)
5 creatures vanquished.

Grand Total: 227 creatures vanquished

Notes
Turn   | Place    | Note
-------+----------+-------------------------------------------
     0 | D:1      | prawnwizard the Minotaur Berserker began the quest for the Orb.
     0 | D:1      | Reached XP level 1. HP: 19/19 MP: 0/0
   393 | D:1      | Reached XP level 2. HP: 18/27 MP: 1/1
   550 | D:1      | Reached skill level 4 in Axes
   702 | D:1      | Reached XP level 3. HP: 16/33 MP: 2/2
   896 | D:2      | Reached ** piety under Trog
  1454 | D:2      | Reached XP level 4. HP: 39/40 MP: 3/3
  1809 | D:3      | Found a stormy altar of Qazlal.
  1979 | D:3      | Noticed bande's ghost (amateur GrFi)
  1988 | D:3      | Killed bande's ghost
  1988 | D:3      | Reached skill level 5 in Axes
  1988 | D:3      | Reached XP level 5. HP: 27/47 MP: 4/4
  1988 | D:3      | Reached XP level 6. HP: 31/55 MP: 5/5
  2544 | D:3      | Reached skill level 5 in Fighting
  2544 | D:3      | Reached skill level 6 in Axes
  2597 | D:3      | Found a deep blue altar of Sif Muna.
  2600 | D:3      | Found a snail-covered altar of Cheibriados.
  2622 | D:3      | Found a radiant altar of Vehumet.
  2631 | D:3      | Found an ancient bone altar of Kikubaaqudgha.
  2881 | D:4      | Found a sacrificial altar of Ru.
  2892 | D:4      | Found a staircase to the Ecumenical Temple.
  3395 | D:4      | Found a sparkling altar of Nemelex Xobeh.
  3520 | D:4      | Found a roughly hewn altar of Beogh.
  3524 | D:4      | Reached XP level 7. HP: 58/61 MP: 6/6
  3533 | D:4      | Reached *** piety under Trog
  3605 | D:5      | Entered Level 5 of the Dungeon
  3646 | D:5      | Reached skill level 7 in Axes
  3791 | D:5      | Reached skill level 5 in Armour
  4269 | D:6      | Found a burning altar of Makhleb.
  4278 | D:6      | Reached skill level 5 in Dodging
  4291 | D:6      | Reached XP level 8. HP: 56/70 MP: 7/7
  4292 | D:6      | Reached skill level 8 in Axes
  4318 | D:6      | Reached **** piety under Trog
  4855 | D:6      | Found a shadowy altar of Dithmenos.
  5360 | D:7      | Noticed Menkaure
  5365 | D:7      | Killed Menkaure
  5365 | D:7      | Received a gift from Trog
  5569 | D:7      | Reached skill level 9 in Axes
  6103 | D:8      | Reached XP level 9. HP: 69/78 MP: 8/8
  6307 | D:8      | Found a hide-covered altar of Uskayaw.
  6339 | D:8      | Found a flagged portal.
  6350 | Bailey   | Entered a bailey
  6543 | Bailey   | Found an iron altar of Okawaru.
  6543 | Bailey   | Noticed an orc high priest
  6543 | Bailey   | Noticed a kobold demonologist
  6547 | Bailey   | Noticed a red devil
  6549 | Bailey   | Killed a kobold demonologist
  6549 | Bailey   | Reached skill level 10 in Axes
  6554 | Bailey   | Noticed an ice devil
  6555 | Bailey   | Killed an orc high priest
  6745 | Bailey   | Reached skill level 11 in Axes
  7237 | Bailey   | Reached XP level 10. HP: 42/89 MP: 9/9
  7631 | Bailey   | Noticed an orc knight
  7631 | Bailey   | Noticed an orc knight
  7637 | Bailey   | Killed an orc knight
  7640 | Bailey   | Killed an orc knight
  7640 | Bailey   | Reached ***** piety under Trog
  7852 | D:9      | Received a gift from Trog
  7916 | D:9      | Noticed a two-headed ogre
  7924 | D:9      | Killed a two-headed ogre
  7924 | D:9      | Reached skill level 12 in Axes
  8679 | D:10     | Entered Level 10 of the Dungeon
  8699 | D:10     | Killed an unseen horror
  8820 | D:10     | Found Giyn's Antique Armour Boutique.
  8825 | D:10     | Killed an unseen horror
  8890 | D:10     | Bought a pair of transparent boots for 180 gold pieces
  8895 | D:10     | Identified the +0 pair of boots of Least Resistance {+Inv rPois rF- Slay+4} (You bought it in a shop on level 10 of the Dungeon)
  8910 | D:10     | Reached XP level 11. HP: 93/98 MP: 10/10
  8973 | D:10     | Found Qamaesoh's Gadget Emporium.
  9061 | D:10     | Found Tetupt's Armour Shoppe.
  9087 | D:10     | Found Ulaonur's Armour Shop.
  9087 | D:10     | Found a staircase to the Lair.
  9087 | D:10     | Noticed a two-headed ogre
  9091 | D:10     | Slain by a two-headed ogre

Skill      XL: |  1  2  3  4  5  6  7  8  9 10 |
---------------+-------------------------------+-----
Axes           | 4 5 6 7 9 11 12 | 12.9
Fighting       | 4 5 6 7 8 9 |  9.9
Armour         | 3 4 5 6 8 9 |  9.4
Dodging        | 3 4 5 6 7 8 |  8.7

Action                   |  1- 3 |  4- 6 |  7- 9 | 10-12 || total
-------------------------+-------+-------+-------+-------++-------
Melee: Hand axe          |    85 |    91 |    15 |       ||   191
       Headbutt          |    11 |    21 |    47 |    19 ||    98
       War axe           |       |       |   132 |       ||   132
       Battleaxe         |       |       |    96 |    80 ||   176
Invok: Berserk           |       |     1 |     1 |     2 ||     4
       Burn Spellbooks   |       |       |     1 |       ||     1
  Use: Scroll            |       |       |    15 |       ||    15
  Eat: Chunk             |     2 |     7 |    12 |     5 ||    26
       Ration            |       |       |       |     1 ||     1
Armor: Animal skin       |    18 |       |       |       ||    18
       Chain mail        |     3 |    43 |    85 |    38 ||   169
Dodge: Dodged            |    58 |    54 |   125 |    57 ||   294
